 Dungeon Crawl Stone Soup version 0.17-a0-1871-gdc8eb4e (webtiles) character file.

9727 Banto the Nimble (level 11, -10/91 HPs)
             Began as a Merfolk Ice Elementalist on Sept 21, 2015.
             Was a Priest of Yredelemnul.
             Mangled by a hill giant
             ... wielding a +0 giant club
              (27 damage)
             ... on level 11 of the Dungeon.
             The game lasted 00:27:08 (11605 turns).

Banto the Nimble (Merfolk Ice Elementalist)        Turns: 11605, Time: 00:27:08

Health: -10/91     AC:  9    Str:  8    XL:     11   Next: 51%
Magic:  10/26      EV: 22    Int: 14    God:    Yredelemnul [***...]
Gold:   350        SH:  0    Dex: 19    Spells: 5 memorised, 4 levels left

rFire  . . .     SeeInvis .     t - +0 whip (elec)
rCold  . . .     Clarity  .     a - +0 robe
rNeg   . . .     SustAt   .     (no shield)
rPois  .         Gourm    .     q - +1 helmet
rElec  .         Spirit   .     e - +0 cloak
rCorr  .         Warding  .     (no gloves)
rMut   .         Stasis   .     l - +0 pair of boots
MR     .....                    (no amulet)
Stlth  ++........               z - ring of magical power
                                F - +5 ring of slaying

@: very slightly contaminated, not resistant to hostile enchantments, unstealthy
A: change form in water, swift swim, slimy green scales 1, blink, shaggy fur 1
a: Blink, Animate Dead, Recall Undead Slaves, Injury Mirror, Renounce Religion


You were on level 11 of the Dungeon.
You worshipped Yredelemnul.
Yredelemnul was most pleased with you.
You were not hungry.

You visited 2 branches of the dungeon, and saw 12 of its levels.
You also visited: Ossuary.

You collected 539 gold pieces.
You spent 189 gold pieces at shops.

Inventory:

Hand weapons
 o - a +1 short sword of draining
 t - a +0 whip of electrocution (weapon)
 H - a +0 trident
Armour
 a - a +0 robe (worn)
 e - a +0 cloak (worn)
 l - a +0 pair of boots (worn)
 q - a +1 helmet (worn)
Jewellery
 f - an uncursed ring of protection from cold
 z - a ring of magical power (right hand)
 F - a +5 ring of slaying (left hand)
 P - an uncursed ring of positive energy
Magical devices
 b - a wand of flame (14)
 g - a wand of frost (20)
 C - a wand of random effects (30)
 I - a wand of lightning (12)
 R - a wand of lightning (7)
 S - a wand of magic darts (20)
Scrolls
 m - 8 scrolls of fog
 p - a scroll of summoning {unknown}
 s - 9 scrolls of teleportation
 u - a scroll of enchant armour
 x - 5 scrolls of magic mapping
 y - 3 scrolls of enchant weapon
 B - 2 scrolls of amnesia
 E - a scroll of recharging
 J - 4 scrolls of identify
 K - a scroll of remove curse
 O - 2 scrolls of fear
Potions
 h - 2 potions of cancellation
 i - 11 potions of curing
 j - a potion of resistance
 v - 4 potions of brilliance
 w - 2 potions of haste
 A - 2 potions of cure mutation
 G - 5 potions of flight {unknown}
 M - 2 potions of lignification {unknown}
Books
 k - a book of Ice

   Spells                             Type                      Level
   a - Ice Form                       Ice/Transmutation            4
   b - Metabolic Englaciation         Hexes/Ice                    5
   c - Ozocubu's Refrigeration        Ice                          6
   d - Bolt of Cold                   Conjuration/Ice              6
   e - Freezing Cloud                 Conjuration/Ice/Air          6
   f - Simulacrum                     Ice/Necromancy               6
Comestibles
 c - 12 bread rations
 d - a beef jerky
 n - 4 meat rations
 N - 3 fruits


   Skills:
 - Level 10.2 Fighting
 + Level 5.7 Polearms
 - Level 12.2 Dodging
 - Level 2.1 Stealth
 - Level 4.0 Spellcasting
 - Level 0.7 Conjurations
 - Level 6.0 Charms
 - Level 8.0 Ice Magic
 * Level 5.9 Invocations


You had 4 spell levels left.
You knew the following spells:

 Your Spells              Type           Power        Failure   Level  Hunger
a - Freeze                Ice            ####         1%          1    None
b - Throw Frost           Conj/Ice       ###...       6%          2    ##.....
c - Ozocubu's Armour      Chrm/Ice       ###.....     3%          3    ###....
d - Condensation Shield   Ice            ####......   10%         4    ####...
e - Summon Ice Beast      Ice/Summ       ##......     38%         4    ####...


Dungeon Overview and Level Annotations

Branches:
Dungeon (12/15)            Temple (1/1) D:7            Lair (0/8) D:8
    Orc (0/4) D:10

Altars:
Ashenzari
Cheibriados
Dithmenos
Elyvilon
Fedhas
Gozag
Kikubaaqudgha
Makhleb
Nemelex Xobeh
Okawaru
Qazlal
Ru
Sif Muna
Vehumet
Xom
Yredelemnul
Zin
The Shining One

Shops:
D:4 (?%   D:10 ([%?

Portals:
Trove: D:10 (give 11 potions of heal wounds)


Innate Abilities, Weirdness & Mutations

You revert to your normal form in water.
You are very nimble and swift while swimming.
You are partially covered in slimy green scales (AC +2).
You can translocate small distances at will.
You are covered in fur (AC +1).


Message History

Aiming: Freeze
Press: ? - help, Shift-Dir - straight line, f/p - orc priest
Aim: an orc priest, wielding a trident and wearing a blackened bronze amulet (almost dead)
You freeze the orc priest.
You kill the orc priest!
Yredelemnul accepts your kill. The orc misses you.
The orc throws a tomahawk.
The tomahawk hits you but does no damage.
You see here a tomahawk.
The shadow imp closely misses you.
The hill giant shouts!
You hit the hill giant.
There is a sudden explosion of sparks!
The hill giant is moderately wounded.
The shadow imp lashes its tail.
The shadow imp gestures at you.
You struggle to resist.
The orc hits you with a mace.
* * * LOW HITPOINT WARNING * * *
The hill giant hits you with a giant club!!
You die...
Your body rises from the dead as a mindless zombie.

#......... ..#######
#..#.#.#.# .......)#
#......... #.#.#.#.##
#..#.#.#.# ..........#
##.W....... .#.#.#.#..#
#..###.##..
..........#####..#
.#.#.#.#5ooW.o().#
........@#####..##
.#.#.#.#C## ##?.# #
...(......###...####....
#......>.....o#.#.... .
.....$....####.#...# .#
#.........####...?# ..#
..........#)...h.####.###
#C...#.....#.†#........#
#...###.......###.)#.#.#


You could see 2 hill giants, a wraith, a shadow imp and 3 orcs.

Vanquished Creatures
  A hill giant (D:10)
  An unseen horror (D:10)
  A two-headed ogre (D:10)
  A troll (D:10)
  A wyvern (D:8)
  Sigmund (D:2)
  A spriggan (D:7)
  A yak (D:8)
  5 hippogriffs
  A deep elf fighter (D:8)
  A steam dragon (D:10)
  Menkaure (Ossuary)
  4 phantoms
  4 orc warriors
  3 black bears
  3 centaurs
  2 sky beasts
  6 ogres
  4 ice beasts
  3 crocodiles
  6 giant frogs
  A big kobold (D:7)
  A scorpion (D:9)
  2 killer bees
  4 wights (D:8)
  3 centaur zombies
  7 crimson imps
  A wasp zombie (D:10)
  A giant frog zombie (D:5)
  3 jellies
  7 hounds
  2 iguanas
  A giant frog skeleton (D:7)
  A gnoll shaman (D:4)
  12 worker ants
  7 orc priests
  Jessica (D:2)
  2 centaur skeletons
  8 orc wizards
  A hound zombie (D:7)
  2 mummies (Ossuary)
  2 worker ant zombies (D:4)
  4 river rats (D:8)
  16 adders
  3 gnolls (D:4)
  2 shadow imps
  An ooze (D:1)
  An adder skeleton (D:5)
  4 worms
  5 giant geckos
  30 orcs
  14 bats
  6 giant cockroaches
  4 gnoll zombies (Ossuary)
  9 hobgoblins
  18 jackals
  12 kobolds
  3 quokkas
  10 giant newts
  2 gnoll skeletons (Ossuary)
  17 goblins
  2 goblin skeletons (Ossuary)
  3 goblin zombies (Ossuary)
  2 hobgoblin skeletons (Ossuary)
  3 hobgoblin zombies (Ossuary)
  A jackal skeleton (D:4)
  3 kobold skeletons (Ossuary)
  3 kobold zombies (Ossuary)
  An orc skeleton (Ossuary)
  A quokka skeleton (D:8)
  3 quokka zombies
  13 rats
  5 rat skeletons (Ossuary)
  A rat zombie (Ossuary)
322 creatures vanquished.

Vanquished Creatures (collateral kills)
  Erica (D:9)
  A gargoyle (D:10)
  2 orc warriors (D:10)
  A necrophage (D:9)
  An orc (D:10)
  A bat (D:8)
7 creatures vanquished.

Vanquished Creatures (others)
  A mummy (Ossuary)
  A gnoll skeleton (Ossuary)
  A goblin skeleton (Ossuary)
  A goblin zombie (Ossuary)
  2 hobgoblin skeletons (Ossuary)
  4 hobgoblin zombies (Ossuary)
  3 kobold skeletons (Ossuary)
  A kobold zombie (Ossuary)
  An orc skeleton (Ossuary)
  4 orc zombies (Ossuary)
  2 rat skeletons (Ossuary)
  A rat zombie (Ossuary)
  12 fungi (D:8)
  11 plants (D:8)
45 creatures vanquished.

Grand Total: 374 creatures vanquished

Notes
Turn   | Place    | Note
--------------------------------------------------------------
     0 | D:1      | Banto the Merfolk Ice Elementalist began the quest for the Orb.
     0 | D:1      | Reached XP level 1. HP: 13/13 MP: 3/3
   116 | D:1      | Reached XP level 2. HP: 5/19 MP: 1/5
   118 | D:1      | Reached skill level 4 in Ice Magic
   702 | D:1      | Reached XP level 3. HP: 24/24 MP: 6/6
   935 | D:2      | Reached skill level 5 in Ice Magic
  1061 | D:2      | Reached XP level 4. HP: 13/30 MP: 7/7
  1464 | D:2      | Learned a level 2 spell: Throw Frost
  1468 | D:2      | Learned a level 3 spell: Ozocubu's Armour
  1609 | D:2      | Noticed Sigmund
  1728 | D:2      | Noticed Jessica
  1731 | D:2      | Killed Jessica
  1731 | D:2      | Reached skill level 6 in Ice Magic
  1731 | D:2      | Reached XP level 5. HP: 35/35 MP: 6/8
  1737 | D:2      | Found a shadowy altar of Dithmenos.
  2192 | D:2      | Killed Sigmund
  2192 | D:2      | Reached skill level 7 in Ice Magic
  2192 | D:2      | Reached XP level 6. HP: 35/41 MP: 0/9
  2794 | D:3      | Reached skill level 8 in Ice Magic
  3529 | D:4      | Reached skill level 1 in Charms
  3583 | D:4      | Reached XP level 7. HP: 37/46 MP: 10/10
  3751 | D:4      | Found Kacyll's Food Boutique.
  4098 | D:4      | Found Meyn's Magic Scroll Shoppe.
  4117 | D:4      | Bought a scroll of identify for 28 gold pieces
  4117 | D:4      | Bought a scroll of magic mapping for 49 gold pieces
  4118 | D:4      | Bought a scroll of identify for 28 gold pieces
  4141 | D:4      | Found Boustrut's Weapon Emporium.
  4493 | D:5      | Entered Level 5 of the Dungeon
  4546 | D:5      | Found a sacrificial altar of Ru.
  4652 | D:5      | Reached XP level 8. HP: 28/52 MP: 14/14
  4717 | D:5      | Found an opulent altar of Gozag.
  4739 | D:5      | Reached skill level 5 in Charms
  4855 | D:5      | Found a sand-covered staircase.
  4917 | Ossuary  | Entered an ossuary
  5289 | Ossuary  | Noticed Menkaure
  5292 | Ossuary  | Killed Menkaure
  5465 | D:5      | Reached skill level 1 in Fighting
  5896 | D:5      | You fall through a shaft for 3 floors!
  6111 | D:8      | Reached skill level 5 in Dodging
  6197 | D:8      | Gained mutation: You are covered in fur (AC +1). [mutagenic meat]
  6198 | D:8      | Gained mutation: You can translocate small distances at will. [mutagenic meat]
  6199 | D:8      | Gained mutation: You are partially covered in slimy green scales (AC +2). [mutagenic meat]
  6222 | D:8      | Found a basalt altar of Yredelemnul.
  6331 | D:8      | Reached XP level 9. HP: 40/65 MP: 15/15
  6343 | D:8      | Became a worshipper of Yredelemnul the Dark
  6453 | D:7      | Found a staircase to the Ecumenical Temple.
  6627 | D:7      | Reached skill level 5 in Fighting
  6680 | D:7      | Found a white marble altar of Elyvilon.
  6682 | D:7      | Found a snail-covered altar of Cheibriados.
  6682 | D:7      | Found a glowing golden altar of the Shining One.
  6682 | D:7      | Found a radiant altar of Vehumet.
  6682 | D:7      | Found a deep blue altar of Sif Muna.
  6685 | D:7      | Found a burning altar of Makhleb.
  6855 | D:7      | Learned a level 4 spell: Condensation Shield
  6904 | D:7      | Learned a level 4 spell: Summon Ice Beast
  7041 | Temple   | Entered the Ecumenical Temple
  7396 | D:8      | Acquired Yredelemnul's first power
  7410 | D:8      | Reached skill level 9 in Dodging
  7490 | D:8      | Reached XP level 10. HP: 69/79 MP: 6/16
  7524 | D:8      | Reached skill level 10 in Dodging
  7757 | D:8      | Found a staircase to the Lair.
  8376 | D:9      | Noticed Erica
  8402 | D:9      | Killed Erica
  8402 | D:9      | Reached skill level 11 in Dodging
  8667 | D:9      | Acquired Yredelemnul's second power
  9072 | D:10     | Entered Level 10 of the Dungeon
  9074 | D:10     | Noticed a hill giant
  9089 | D:10     | Killed a hill giant
  9198 | D:10     | Found Xasauk Lemang's Antique Weapon Emporium.
  9290 | D:10     | Found Lest's Food Shoppe.
  9292 | D:10     | Found Foepatsa's Armour Emporium.
  9428 | D:10     | Killed an unseen horror
  9428 | D:10     | Reached skill level 10 in Fighting
  9428 | D:10     | Reached skill level 12 in Dodging
  9428 | D:10     | Reached XP level 11. HP: 39/91 MP: 17/17
  9550 | D:10     | Reached skill level 1 in Invocations
  9596 | D:10     | Reached skill level 1 in Polearms
  9940 | D:10     | Found Qeabb's Magic Scroll Shop.
  9948 | D:10     | Bought a scroll of identify for 28 gold pieces
  9948 | D:10     | Bought a scroll of identify for 28 gold pieces
  9948 | D:10     | Bought a scroll of identify for 28 gold pieces
 10151 | D:10     | Reached skill level 5 in Invocations
 10180 | D:10     | Acquired Yredelemnul's third power
 10336 | D:10     | Reached skill level 5 in Polearms
 10706 | D:10     | Found a staircase to the Orcish Mines.
 10915 | D:10     | Found a portal to a secret trove of treasure.
 11069 | D:11     | Noticed a hill giant
 11082 | D:11     | Noticed a hill giant
 11094 | D:11     | Noticed a hill giant
 11108 | D:11     | HP: 2/91 [orc priest/trident (5)]
 11605 | D:11     | Mangled by a hill giant

Vault maps used:
D:1:      eino_arrival_druids_welcome
D:2:      kennysheep_goblin_castle, grunt_dithmenos_smoke_and_mirrors,
          uniq_sigmund, uniq_jessica
D:4:      serial_shops, shop, nicolae_shop_statue_plus, shop, first_bread
D:5:      old_standard_altar, nicolae_ru_great_annihilating_truth,
          enter_ossuary_4
D:7:      lemuel_upstairs_altar, minitemple, temple_pool_b, the_bakery,
          kennysheep_generic_room_16
D:8:      kennysheep_mini, grunt_lair_entry_elf_guard_hut
D:9:      uniq_erica
D:10:     david_orc_4, nicolae_trove_entry_columns, serial_shops, shop,
          nicolae_shop_trees, nicolae_shop_trees, nicolae_shop_behind_doors,
          spider_trap, kennysheep_kite_vault
D:11:     serial_glass, glass_columns_c, glass_columns_a, glass_columns_c,
          glass_columns_b, glass_columns_a, glass_columns_b, glass_columns_a,
          glass_columns_b
D:12:     serial_shops, bzr_entry_customers
Temple:   minmay_temple_bridge_a_8
Ossuary:  ossuary_due_pyramid

Action                   |  1- 3 |  4- 6 |  7- 9 | 10-12 || total
-------------------------+-------+-------+-------+-------++-------
Melee: Short sword       |    68 |   174 |    19 |       ||   261
       Unarmed           |     3 |       |       |       ||     3
       Whip              |       |       |   369 |   285 ||   654
       Trident           |       |       |       |   108 ||   108
Throw: Throwing net      |       |       |       |     3 ||     3
 Cast: Freeze            |    20 |    45 |    86 |   156 ||   307
       Ozocubu's Armour  |       |     3 |    13 |    20 ||    36
       Throw Frost       |       |       |    19 |    13 ||    32
       Summon Ice Beast  |       |       |     1 |    10 ||    11
       Condensation Shie |       |       |     1 |     3 ||     4
  Use: Scroll            |       |    11 |    11 |     2 ||    24
       Potion            |       |       |     1 |     2 ||     3
 Stab: Sleeping          |     3 |     8 |    12 |     7 ||    30
       Distracted        |       |     1 |     3 |       ||     4
       Invisible         |       |       |     2 |       ||     2
       Paralysed         |       |       |     2 |       ||     2
  Eat: Chunk             |     1 |     9 |    20 |    10 ||    40
       Pizza             |       |       |       |     2 ||     2
       Meat ration       |       |       |       |     1 ||     1
       Royal jelly       |       |       |       |     1 ||     1
       Beef jerky        |       |       |       |     1 ||     1
